Map: Overgrown Facility

Players

ThunderByte

  • Race: Zerg Zerg
  • League: Platinum
  • Spawn Location: 1:00

Prophecy

  • Race: Terran Terran
  • League: Diamond
  • Spawn Location: 3:00

microsin - Winner!

  • Race: Protoss Protoss
  • Spawn Location: 9:00

PureLegacy - Winner!

  • Race: Terran Terran
  • Spawn Location: 7:00

VOD

Have the link to the VOD?

Description

Time

  • Played on: Nov. 30, 2018, 8:20 p.m.
  • Length: 9:44
Show
View Real Time Build Order
Export as new Build Order

ThunderByte Zerg 

Build Orders: Hatch First 

Get SALT Encoding   

  12  0:01  Drone  
  13  0:13  Overlord  
  13  0:18  Drone  
  14  0:31  Drone x2  
  16  0:37  Drone  
  17  0:51  Drone  
  18  0:59  Hatchery  
  17  1:07  Drone x2  
  17  1:10  Extractor  
  18  1:24  Spawning Pool  
  17  1:30  Drone x2  
  19  1:46  Drone  
  20  1:51  Drone  
  21  2:01  Drone  
  22  2:13  Queen  
  24  2:17  Lair  
  24  2:20  Drone x2, Roach Warren  
  25  2:26  Zergling x4  
  27  2:44  Zergling x2  
  28  2:58  Overlord x2  
  27  3:16  Roach x2  
  27  3:17  Roach  
  33  3:28  Roach x2  
  33  3:29  Roach x3  
  43  3:35  Overlord  
  43  3:39  Queen  
  43  4:07  Drone x5  
  43  4:09  Drone  
  49  4:24  Drone x3  
  52  4:42  Overlord x2  
  52  4:43  Overlord  
  50  5:24  Spire  
  50  5:28  Extractor  
  47  5:30  Drone  
  47  5:31  Drone x3  
  51  5:42  Drone x2  
  53  5:43  Drone x5  
  53  5:49  Extractor x2  
  56  5:59  Glial Reconstitution  
  56  6:01  Drone x6  
  56  6:02  Drone  
  63  6:14  Overlord x2  
  63  6:26  Overseer  
  63  6:46  Mutalisk x3  
  63  6:47  Mutalisk x2  
  65  6:53  Overlord  
  73  7:01  Hydralisk Den  
  73  7:02  Hatchery  
  71  7:14  Metabolic Boost  
  73  7:23  Roach x3  
  73  7:24  Roach  
  79  7:31  Hydralisk x4  
  73  8:29  Queen  
  71  8:38  Roach x2  
  71  8:39  Roach x3  
  81  8:43  Hydralisk Den  
  80  8:50  Drone x6  
Show
View Real Time Build Order
Export as new Build Order

Prophecy Terran 

Build Orders:  

Get SALT Encoding   

  12  0:01  SCV  
  13  0:13  SCV  
  14  0:22  Supply Depot  
  14  0:25  SCV  
  15  0:29  Refinery  
  15  0:44  SCV  
  15  0:47  Barracks  
  16  0:53  Refinery  
  16  0:58  SCV  
  17  1:10  SCV  
  18  1:24  SCV  
  19  1:36  SCV  
  20  1:44  Factory, Marine  
  21  1:51  Orbital Command  
  21  1:59  Supply Depot  
  21  2:04  Marine  
  22  2:17  SCV  
  23  2:26  Marine  
  23  2:33  Factory Tech Lab  
  23  2:34  Starport  
  23  2:36  Bunker  
  18  2:59  Marine, Siege Tank  
  17  3:17  Marine  
  12  3:31  SCV  
  10  3:43  Marine  
  10  3:45  Siege Tank  
  14  3:51  SCV  
  14  4:01  Marine  
  15  4:03  SCV  
  16  4:12  Bunker  
  16  4:23  Marine  
  17  4:25  SCV  
  18  4:37  SCV, Siege Tank  
  22  4:41  Marine  
  23  4:47  Supply Depot  
  23  4:48  Starport  
  23  4:50  SCV  
  19  5:03  Marine  
  20  5:13  SCV  
  21  5:19  Siege Tank  
  21  5:21  Marine  
  25  5:25  SCV  
  26  5:37  SCV  
  27  5:55  Command Center  
  27  5:59  Starport Tech Lab  
  27  6:08  SCV  
  28  6:14  Cloaking Field, Banshee  
  31  6:25  Supply Depot  
  31  6:29  Factory Tech Lab  
  31  6:34  Starport  
  31  6:47  SCV  
  32  6:50  Supply Depot  
  32  6:59  SCV  
  33  7:24  SCV  
  33  7:36  SCV  
  33  7:47  Command Center  
  33  8:12  Fusion Core, SCV  
  34  8:24  SCV  
  35  8:39  SCV  
  33  8:51  SCV  
  34  9:03  SCV  
Show
View Real Time Build Order
Export as new Build Order

microsin Protoss - Winner!

Build Orders:  

Get SALT Encoding   

  1  0:00  Probe  
  12  0:06  Probe  
  14  0:15  Probe  
  15  0:26  Pylon  
  15  0:44  Probe  
  15  0:45  Forge  
  16  0:56  Probe  
  17  1:04  Probe  
  18  1:25  Probe  
  19  1:34  Photon Cannon  
  19  1:36  Gateway  
  19  1:37  Probe  
  20  1:49  Probe  
  21  1:54  Assimilator  
  21  1:58  Pylon  
  21  2:01  Probe  
  21  2:08  Assimilator  
  22  2:17  Photon Cannon  
  22  2:24  Nexus  
  22  2:36  Photon Cannon  
  22  2:57  Probe  
  23  3:02  Zealot  
  25  3:09  Probe  
  26  3:17  Assimilator  
  26  3:21  Probe  
  26  3:22  Assimilator  
  27  3:32  Pylon  
  27  3:36  Probe  
  28  3:43  Cybernetics Core  
  28  3:45  Probe  
  28  3:48  Probe  
  30  3:57  Probe  
  31  4:06  Photon Cannon  
  31  4:07  Pylon  
  31  4:12  Pylon  
  31  4:21  Photon Cannon  
  31  4:27  Stargate  
  31  4:29  Probe x2  
  33  4:39  Stalker  
  33  4:41  Probe x2  
  37  4:51  Photon Cannon  
  37  4:53  Probe  
  37  4:55  Probe  
  37  4:56  Protoss Air Weapons Level 1  
  39  5:04  Void Ray  
  39  5:05  Probe  
  39  5:06  Stargate  
  40  5:09  Stalker  
  46  5:18  Probe x2  
  48  5:33  Pylon  
  48  5:35  Probe  
  49  5:38  Probe  
  50  5:42  Stalker  
  50  5:47  Probe  
  53  5:50  Void Ray  
  53  5:54  Void Ray  
  61  5:57  Probe  
  61  5:59  Probe  
  63  6:12  Stargate  
  63  6:29  Shield Battery  
  63  6:33  Shield Battery  
  63  6:34  Void Ray  
  67  6:45  Pylon  
  67  6:55  Protoss Air Armor Level 1  
  67  6:58  Nexus  
  67  7:03  Void Ray x2  
  75  7:13  Pylon  
  75  7:30  Void Ray  
  75  7:31  Fleet Beacon  
  75  7:34  Probe x2  
  81  7:46  Probe  
  77  8:11  Probe x3  
  73  8:23  Probe x3  
  76  8:35  Probe  
  76  8:36  Carrier x2  
  76  8:38  Probe  
  76  8:39  Probe  
  91  8:47  Probe  
  92  8:50  Probe  
Show
View Real Time Build Order
Export as new Build Order

PureLegacy Terran - Winner!

Build Orders:  

Get SALT Encoding   

  12  0:01  SCV  
  13  0:13  SCV  
  14  0:22  Supply Depot  
  14  0:26  SCV  
  15  0:31  Refinery  
  15  0:43  SCV  
  15  0:48  Barracks  
  16  0:55  SCV  
  17  1:04  Barracks  
  17  1:16  Barracks  
  17  1:21  SCV  
  18  1:35  Reaper  
  19  1:42  Orbital Command  
  19  1:48  Refinery  
  19  1:53  Reaper  
  20  2:04  Supply Depot  
  20  2:09  Reaper  
  20  2:11  Reaper  
  22  2:24  SCV  
  22  2:25  Reaper  
  22  2:27  Supply Depot  
  24  2:36  SCV  
  25  2:41  Reaper  
  26  2:46  Reaper  
  27  2:57  Reaper  
  28  3:01  SCV  
  29  3:13  Reaper  
  30  3:21  Reaper  
  30  3:22  Command Center  
  30  3:24  SCV  
  32  3:29  Reaper  
  32  3:46  Barracks  
  32  3:47  Barracks  
  33  3:50  SCV  
  34  3:56  Supply Depot  
  34  4:02  SCV  
  34  4:05  Barracks Reactor  
  34  4:06  Barracks Tech Lab  
  32  4:15  Bunker  
  32  4:17  Marine  
  32  4:18  SCV  
  34  4:24  Factory  
  34  4:27  Stimpack  
  34  4:40  Marine x2  
  34  4:41  Marine x3  
  34  4:45  Marine  
  39  5:01  Orbital Command  
  35  5:07  Marine x4  
  35  5:08  Marine x2  
  40  5:17  Starport  
  40  5:21  Factory Reactor, SCV  
  40  5:26  SCV  
  40  5:33  SCV, Barracks Reactor x2  
  41  5:38  SCV  
  41  5:40  Barracks Reactor  
  41  5:41  Engineering Bay  
  42  5:45  SCV  
  43  5:50  SCV  
  44  5:57  SCV  
  44  5:58  Marine x3  
  44  6:03  Supply Depot, SCV  
  49  6:09  Medivac  
  49  6:10  Medivac  
  49  6:11  Terran Infantry Weapons Level 1, SCV  
  53  6:17  SCV  
  55  6:20  Factory Tech Lab  
  55  6:23  SCV  
  56  6:27  Refinery x2  
  56  6:28  Supply Depot  
  56  6:30  SCV  
  57  6:32  Marine  
  57  6:33  Marine x6  
  57  6:37  Marine x2  
  66  6:40  SCV  
  66  6:42  SCV  
  66  6:46  Combat Shield  
  68  6:50  Siege Tank  
  68  6:53  Supply Depot  
  71  6:57  SCV x2  
  73  7:04  Supply Depot  
  73  7:07  Medivac x2  
  77  7:09  SCV  
  77  7:15  SCV  
  79  7:18  Marine x7  
  86  7:24  Supply Depot  
  86  7:32  Siege Tank  
  86  7:35  SCV x2  
  91  7:37  Supply Depot  
  91  7:43  Medivac  
  93  7:46  Medivac  
  93  7:47  Supply Depot  
  95  7:57  Missile Turret  
  94  7:59  Missile Turret, SCV x2  
  94  8:03  Supply Depot  
  94  8:05  Marine x6  
  99  8:06  Marine x2  
  104  8:20  Marine  
  104  8:21  Supply Depot  
  104  8:23  Marine  
  97  8:36  SCV x2  
  97  8:40  Marine  
  97  8:41  Medivac, Marine x5  
  102  8:42  Medivac, Siege Tank  
  112  8:53  Supply Depot  
  112  8:54  Marine  
  112  8:55  Marine x2  
  115  8:58  Marine  
  115  8:59  Marine x4  
  115  9:00  Marine  
  124  9:19  Marine  
  124  9:20  Marine  
  124  9:21  Marine  
  124  9:22  Marine x4  
Tags
 
Add a new tag
Caveats
  • Supply blocks, unpowered buildings, or Contaminate may cause inaccurate times.
  • Supply counts are checked every 10 seconds.